 Dungeon Crawl Stone Soup version 0.29-a0-453-gf113fcf677 (webtiles) character file.

Game seed: 13635819430983524907

35 Bruhh the Gusty (level 3, -4/19 HPs)
             Began as a Tengu Air Elementalist on May 20, 2022.
             Slain by a hobgoblin (5 damage)
             ... led by Robin
             ... on level 2 of the Dungeon.
             The game lasted 00:03:10 (2234 turns).

Bruhh the Gusty (Tengu Air Elementalist)            Turns: 2234, Time: 00:03:10

Health: -4/19      AC:  2    Str:  8    XL:     3   Next: 33%
Magic:  1/7        EV: 12    Int: 17    God:
Gold:   44         SH:  0    Dex: 14    Spells: 3/6 levels left

rFire   . . .      SeeInvis .   (no weapon)
rCold   . . .      Faith    .   (no shield)
rNeg    . . .      Spirit   .   a - +0 robe
rPois   .          Reflect  .   (helmet restricted)
rElec   .          Harm     .   (no cloak)
rCorr   .          Rampage  .   (no gloves)
Will    .....                   (boots unavailable)
Stlth   ++........              (no amulet)
HPRegen 0.06/turn               (no ring)
MPRegen 0.10/turn               (no ring)

@: no status effects
A: beak, talons 3
a: no special abilities


You were on level 2 of the Dungeon.
You visited 1 branch of the dungeon, and saw 2 of its levels.

You collected 44 gold pieces.

Inventory:

Armour
 a - a +0 robe (worn)
Scrolls
 b - a scroll of acquirement {unknown}
 d - a scroll of silence {unknown}
 f - a scroll of noise {unknown}
 h - 2 scrolls of identify {unknown}
 i - a scroll of immolation {unknown}
 j - a scroll of fog {unknown}
Potions
 c - 2 potions of brilliance {unknown}
 e - a potion of curing {unknown}
 g - a potion of resistance {unknown}


   Skills:
 - Level 2.1 Dodging
 - Level 2.0 Stealth
 - Level 2.4 Spellcasting
 + Level 2.7 Conjurations
 + Level 4.7 Air Magic


You had 3 spell levels left.
You knew the following spells:

 Your Spells              Type           Power      Damage    Failure   Level
a - Shock                 Conj/Air       56%        1d6       4%          1
b - Static Discharge      Conj/Air       14%        N/A       6%          2

Your spell library contained the following spells:

 Spells                   Type           Power      Damage    Failure   Level
 Swiftness                Air            18%        N/A       9%          3
 Airstrike                Air            9%         N/A       26%         4
 Summon Lightning Spire   Summ/Air       10%        N/A       56%         4
 Storm Form               Tmut/Air       5%         N/A       100%        7
 Maxwell's Capacitive Co  Air            9%         ∞         100%        8


Dungeon Overview and Level Annotations

Branches:
Dungeon (2/15)

Altars:

Annotations:
D:2 Robin


Innate Abilities, Weirdness & Mutations

You have a beak for a mouth.
You have claws for feet.


Message History

The goblin hits you but does no damage.
The goblin is struck by an arc of lightning.
The goblin is severely wounded.
You are struck by an arc of lightning.
The lightning grounds out.
The goblin barely misses you. The goblin hits you but does no damage.
The goblin is struck by an arc of lightning.
You kill the goblin!
The lightning grounds out.
The goblin hits you with a +0 dagger.
You don't have enough magic to cast this spell.
You don't have enough magic to cast this spell.
Unknown command.
You don't have enough magic to cast this spell.
You don't have enough magic to cast this spell.
Casting: Static Discharge (safe; 6% risk of failure)
Confirm with . or Enter, or press ? or * to list all spells.
You don't know that spell.
Unknown command.
Casting: Static Discharge (safe; 6% risk of failure)
Confirm with . or Enter, or press ? or * to list all spells.
Aiming: Shock (safe; 4% risk of failure)
Press: ? - help, Shift-Dir - straight line, f - goblin
Aim: a goblin, wielding a +0 dagger (severely wounded, 64% to hit)
The zap misses the goblin.
A goblin comes into view. It is wielding a +0 club.
The goblin hits you but does no damage. The hobgoblin closely misses you.
Unknown command.
The goblin shouts!
You hit the goblin but do no damage. You claw the goblin.
You kill the goblin!
Robin misses you. The hobgoblin hits you.
Robin roars a battlecry!
The goblins go into a battle-frenzy!
You see here a +0 dagger.
Robin throws the goblin at you! The goblin misses you.
You closely miss the goblin. Your kick misses the goblin.
The hobgoblin hits you.
* * * LOW HITPOINT WARNING * * *
The goblin closely misses you.
You hit the goblin but do no damage. The hobgoblin hits you.
You die...

.# #.#.#
.########.#.#
..[<).......#
#########.#.#
#.#.# #.# # #.#
#.################
#......g@gg)g.....
###############.##


You could see Robin, a hobgoblin (strong) and 2 goblins.

Vanquished Creatures
  5 orcs
  A bat (D:1)
  An endoplasm (D:1)
  3 giant cockroaches
  4 goblins
  3 hobgoblins
  A quokka (D:1)
  3 ball pythons (D:1)
  A frilled lizard (D:1)
  A kobold (D:1)
  4 rats (D:1)
27 creatures vanquished.

Notes
Turn   | Place    | Note
-------+----------+-------------------------------------------
     0 | D:1      | Bruhh the Tengu Air Elementalist began the quest for the
                  | Orb.
     0 | D:1      | Reached XP level 1. HP: 10/10 MP: 4/4
   607 | D:1      | Reached XP level 2. HP: 15/15 MP: 3/6
   989 | D:1      | Found a faded altar of an unknown god.
   993 | D:1      | Learned a level 2 spell: Static Discharge
  1489 | D:1      | Reached XP level 3. HP: 14/19 MP: 0/7
  2223 | D:2      | Noticed Robin
  2234 | D:2      | Slain by a hobgoblin

Illustrated notes

Levels and vault maps discovered:
D:1:      mrwooster_arrival_statue_3, layout_basic,
          nicolae_ecumenical_lake_church, hex_large, minmay_misc_feat_hallway,
          minmay_3d_cube
D:2:      layout_basic, basic_altar, uniq_robin

Skill      XL: |  1 |
---------------+----+-----
Conjurations   | 2 |  2.7
Dodging        | |  2.1
Stealth        | |  2.0
Spellcasting   | |  2.4
Air Magic      | |  4.7

Action                   || total
-------------------------++-------
Melee: Unarmed           ||    16
       Kick              ||     2
       Peck              ||     1
 Cast: Shock             ||    32
       Static Discharge  ||    14
  Use: Potion            ||     1
Armor: Robe              ||    14
Dodge: Dodged            ||    38

Table legend: (Time is in decaauts)
 A = Elapsed time spent in this place.
 B = Non-inter-level travel time spent in this place.
 C = Inter-level travel time spent in this place.
 D = Time resting spent in this place.
 E = Time spent auto-exploring this place.
 F = Levels seen in this place.
 G = Mean time per level.
                   A        B        C        D        E       F      G
               +--------+--------+--------+--------+--------+-----+--------+
         Total |   2236 |   2194 |     42 |    593 |   1409 |   2 | 1118.0 |
       Dungeon |   2236 |   2194 |     42 |    593 |   1409 |   2 | 1118.0 |
               +--------+--------+--------+--------+--------+-----+--------+

Top non-repeatable levels by time:
     D:1: 2006 daAuts
     D:2: 229 daAuts
